 Seeded DCSS version 0.31-a0-142-g31f6795574 (webtiles) character file.

Game seed: 11438637901012270034 (custom seed)

362 timneilson the Trooper (level 6, -1/39 HPs)
             Began as a Gargoyle Fighter on June 3, 2023.
             Slain by an ogre
             ... wielding a +0 giant club
              (11 damage)
             ... on level 4 of the Dungeon.
             The game lasted 00:04:41 (2532 turns).

timneilson the Trooper (Gargoyle Fighter)           Turns: 2532, Time: 00:04:42

Health: -1/39      AC: 16    Str: 20    XL:     6   Next: 66%
Magic:  6/6        EV:  7    Int:  8    God:
Gold:   169        SH:  5    Dex: 11    Spells: 5/5 levels left

rFire   . . .        a - +1 long sword
rCold   + . .        c - +0 buckler
rNeg    + . .        h - +0 chain mail
rPois   ∞            o - +0 helmet
rElec   +            (no cloak)
rCorr   .            (no gloves)
SInv    .            b - +0 pair of boots
Will    .....        (no amulet) Stlth
                     e - ring of protection from cold
HPRegen 0.26/turn    (no ring)
MPRegen 0.10/turn

%: no passive effects
@: mighty
A: sickness immunity, AC +4, negative energy resistance 1, electricity
resistance, torment resistance 1, petrification resistance
a: no special abilities


You were on level 4 of the Dungeon.
You visited 1 branch of the dungeon, and saw 4 of its levels.

You collected 169 gold pieces.

Inventory:

Hand Weapons
 a - a +1 long sword (weapon)
Armour
 b - a +0 pair of boots (worn)
 c - a +0 buckler (worn)
 h - a +0 chain mail (worn)
 o - a +0 helmet (worn)
Jewellery
 e - a ring of protection from cold (left hand)
Wands
 p - a wand of paralysis (8)
 q - a wand of flame (35)
Scrolls
 k - a scroll of immolation
 u - 2 scrolls of fog {unknown}
Potions
 f - a potion of attraction
 g - 4 potions of curing
 i - a potion of haste {unknown}
 j - 2 potions of invisibility
 l - a potion of magic {unknown}
 m - a potion of ambrosia {unknown}
 n - 2 potions of lignification
 r - a potion of resistance {unknown}
 s - a potion of brilliance {unknown}
 t - a potion of enlightenment {unknown}


   Skills:
 + Level 4.7 Fighting
 + Level 3.2 Long Blades
 + Level 4.6 Armour
 + Level 4.7 Shields
 + Level 1.7 Evocations


You had 5 spell levels left.
You didn't know any spells.
Your spell library contained the following spells:

 Spells                   Type           Power      Damage    Failure   Level
 Sting                    Tmut/Pois      0%         1d3       98%         1
 Hailstorm                Conj/Ice       0%         3d3       100%        3
 Inner Flame              Hex/Fire       0%         N/A       100%        3
 Mephitic Cloud           Conj/Pois/Air  0%         N/A       100%        3
 Ice Form                 Ice/Tmut       0%         N/A       100%        4
 Yara's Violent Unravell  Hex/Tmut       0%         3d3       100%        5
 Enfeeble                 Hex            0%         N/A       100%        7
 Polar Vortex             Ice            0%         N/A       100%        9


Dungeon Overview and Level Annotations

Branches:
Dungeon (4/15)
 Temple: D:4-7

Altars:
Fedhas

Shops:
D:2 [[([


Innate Abilities, Weirdness & Mutations

You are immune to sickness and miasma.
Your stone body is resilient. (AC +4)
You are immune to poison.
You resist negative energy. (rN+)
You are resistant to electric shocks. (rElec)
You are resistant to unholy torment.
You are immune to petrification.


Message History

You hit the ice beast.
The ice beast is moderately wounded.
The ice beast hits you but does no damage.
You barely miss the ice beast.
The ice beast is moderately wounded.
The ice beast hits you but does no damage. x2
You barely miss the ice beast.
The ice beast is moderately wounded.
The ice beast hits you but does no damage.
You hit the ice beast.
The ice beast is heavily wounded.
The ice beast hits you but does no damage.
You hit the ice beast.
The ice beast is heavily wounded.
The ice beast completely misses you.
The ice beast hits you but does no damage.
You barely miss the ice beast.
The ice beast is heavily wounded.
You block the ice beast's attack.
You slash the ice beast!
The ice beast is severely wounded.
The ice beast hits you but does no damage.
You slash the ice beast!
You kill the ice beast!
You pick up a book of Misfortune and begin reading...
You add the spells Inner Flame, Yara's Violent Unravelling and Enfeeble to your library.
An ogre comes into view. It is wielding a +0 giant club.
You feel very mighty all of a sudden.
You barely miss the ogre. The ogre hits you with a +0 giant club!
You barely miss the ogre. You barely miss the ogre.
You block the ogre's attack.
You slash the ogre!
The ogre is moderately wounded.
The ogre hits you with a +0 giant club!!
Ouch! That really hurt!
* * * LOW HITPOINT WARNING * * *
You slash the ogre!
The ogre is severely wounded.
The ogre hits you with a +0 giant club!
You die...

....# ##.###....#........~~~...#
..#.####..####..#.....##......###
..#...........>###..........†##
.#............>.......#.#.....#
#..................#..###.##..#
.#...##..#.......####..#..##.##
.#...##..#.......##.......#...###
......#................#..#....##
##..............@......#.........
#.....#........O................
##.....#.........................
.#........................##.....
......#.#...........[#....####...
.....##.####.........##....####..
.....##....................#..##.
.....#..............#..........#.
................ #......##....


You could see an ogre.

Vanquished Creatures
  An ice beast (D:4)
  A scorpion (D:4)
  A hound (D:4)
  An iguana (D:3)
  4 gnolls (D:4)
  3 adders
  4 worms
  2 dart slugs
  5 orcs
  7 ball pythons
  7 bats
  3 endoplasms
  7 giant cockroaches
  5 goblins
  9 hobgoblins
  5 kobolds
  4 quokkas
  A frilled lizard (D:1)
  A rat (D:1)
71 creatures vanquished.

Notes
Turn   | Place    | Note
-------+----------+-------------------------------------------
     0 | D:1      | timneilson the Gargoyle Fighter began the quest for the
                  | Orb.
     0 | D:1      | Reached XP level 1. HP: 14/14 MP: 1/1
    37 | D:1      | You fall into a shaft and drop 1 floor!
   145 | D:2      | Reached XP level 2. HP: 18/19 MP: 2/2
   418 | D:1      | Reached XP level 3. HP: 23/23 MP: 3/3
   717 | D:2      | Found Otogres's Armour Boutique.
   854 | D:2      | Found Arhoeck's Antique Armour Shoppe.
   917 | D:2      | Got Sollofeh's Spellbook of the Wendigo and Toxicants
   951 | D:2      | Found Usialysh's Antique Weapon Emporium.
  1028 | D:2      | Found Menyj's Armour Shop.
  1225 | D:2      | Reached XP level 4. HP: 18/29 MP: 4/4
  1675 | D:3      | Reached XP level 5. HP: 33/33 MP: 5/5
  2080 | D:4      | Reached skill level 1 in Evocations
  2224 | D:4      | Reached XP level 6. HP: 39/39 MP: 6/6
  2348 | D:4      | Found a blossoming altar of Fedhas.
  2484 | D:4      | Noticed an ice beast
  2503 | D:4      | Killed an ice beast
  2532 | D:4      | Slain by an ogre

Illustrated notes

Levels and vault maps discovered:
D:1:      dpeg_arrival_three_smaller_balls, layout_basic, minivault_19
D:2:      layout_loops_ring, serial_glass, glass_columns_c, glass_columns_c,
          glass_columns_c, glass_columns_a, glass_columns_b,
          minmay_strange_pillars, minmay_strange_pillars, serial_shops, shop,
          shop, shop, shop
D:3:      layout_basic
D:4:      layout_cave_pools, fedhas_ov_isle_minmay

Skill      XL: |  1  2  3  4  5 |
---------------+----------------+-----
Long Blades    | 2 3 |  3.2
Shields        | 4 |  4.7
Fighting       | 4 |  4.7
Armour         | 4 |  4.6
Evocations     | 1 |  1.7

Action                     |  1- 3 |  4- 6 || total
---------------------------+-------+-------++-------
  Melee: Long sword        |   150 |   140 ||   290
    Use: Scroll            |     5 |     3 ||     8
         Potion            |       |     1 ||     1
 Armour: Scale mail        |    35 |       ||    35
         Chain mail        |    95 |    88 ||   183
  Dodge: Dodged            |    73 |    50 ||   123
  Block: Buckler           |    43 |    24 ||    67

Table legend: (Time is in decaauts)
 A = Elapsed time spent in this place.
 B = Non-inter-level travel time spent in this place.
 C = Inter-level travel time spent in this place.
 D = Time resting spent in this place.
 E = Time spent auto-exploring this place.
 F = Levels seen in this place.
 G = Mean time per level.
                   A        B        C        D        E       F      G
               +--------+--------+--------+--------+--------+-----+--------+
         Total |   2621 |   2572 |     49 |      3 |   1846 |   4 |  655.2 |
       Dungeon |   2621 |   2572 |     49 |      3 |   1846 |   4 |  655.2 |
               +--------+--------+--------+--------+--------+-----+--------+

Top non-repeatable levels by time:
     D:3: 820 daAuts
     D:2: 683 daAuts
     D:1: 618 daAuts
     D:4: 499 daAuts
